Map: Backwater LE

Players

Spazymazy

  • Race: Zerg Zerg
  • Spawn Location: 11:00

PtitDrogo - Winner!

  • Race: Protoss Protoss
  • Spawn Location: 5:00

Event: WCS Leipzig 2018

VOD

Have the link to the VOD?

Description

Time

  • Played on: Jan. 26, 2018, 7:04 a.m.
  • Length: 7:01

All games in this series

Show
View Real Time Build Order
Export as new Build Order

Spazymazy Zerg 

Build Orders: Hatch First 

Get SALT Encoding   

  12  0:00  Drone  
  13  0:12  Overlord  
  13  0:17  Drone  
  14  0:30  Drone x2  
  16  0:36  Drone  
  17  0:52  Hatchery  
  17  0:56  Drone  
  17  0:58  Extractor  
  17  1:00  Drone  
  17  1:15  Spawning Pool  
  16  1:18  Drone  
  16  1:22  Drone  
  18  1:28  Drone  
  19  1:38  Overlord  
  19  1:50  Drone  
  20  2:02  Queen  
  20  2:04  Metabolic Boost  
  20  2:07  Queen  
  24  2:10  Drone  
  24  2:13  Drone  
  26  2:16  Drone  
  26  2:19  Drone  
  26  2:22  Drone  
  29  2:34  Zergling x4  
  31  2:49  Overlord  
  31  2:50  Drone x2  
  32  3:01  Zergling x4  
  34  3:11  Zergling x2  
  34  3:12  Zergling x6, Evolution Chamber  
  35  3:21  Hatchery  
  35  3:25  Drone  
  35  3:26  Drone x4  
  39  3:40  Overlord  
  40  3:41  Drone x3  
  40  3:45  Drone  
  40  3:48  Overlord  
  43  4:01  Drone x6  
  48  4:05  Lair  
  48  4:06  Extractor  
  48  4:07  Drone, Extractor  
  48  4:09  Drone  
  47  4:13  Drone  
  47  4:15  Spore Crawler  
  47  4:19  Drone  
  47  4:20  Drone x2  
  49  4:25  Drone  
  49  4:27  Drone x2  
  49  4:30  Spore Crawler  
  51  4:34  Queen  
  51  4:36  Drone  
  51  4:38  Drone  
  55  4:40  Drone  
  55  4:43  Zerg Missile Weapons Level 1  
  56  4:46  Overlord  
  56  4:49  Spore Crawler  
  56  4:50  Drone  
  56  4:55  Drone  
  56  4:56  Drone x3  
  60  5:04  Overlord  
  60  5:09  Hydralisk Den  
  60  5:10  Drone x3, Extractor  
  60  5:11  Drone  
  60  5:13  Drone x2  
  59  5:15  Drone  
  59  5:17  Drone  
  59  5:21  Drone  
  61  5:24  Overlord  
  61  5:29  Extractor  
  61  5:31  Drone x2  
  61  5:32  Drone x2  
  61  5:33  Drone  
  61  5:34  Overseer  
  65  5:40  Muscular Augments  
  65  5:42  Queen  
  67  5:55  Overlord  
  66  5:57  Overlord  
  66  5:59  Queen  
  66  6:04  Overlord  
  65  6:08  Overlord  
  65  6:13  Hydralisk, Queen  
  65  6:14  Hydralisk x2  
  65  6:16  Hydralisk x2  
  77  6:19  Hydralisk  
  77  6:25  Hydralisk x2  
  79  6:30  Nydus Network, Hydralisk  
  84  6:33  Hydralisk  
Show
View Real Time Build Order
Export as new Build Order

PtitDrogo Protoss - Winner!

Build Orders: 1 Gate Expand, Oracle Opening, Zealot Archon, Archon Drop 

Get SALT Encoding   

  12  0:00  Probe  
  13  0:12  Probe  
  14  0:21  Pylon  
  14  0:24  Probe  
  15  0:39  Probe (Chrono Boost)  
  16  0:45  Gateway  
  16  0:48  Probe (Chrono Boost), Assimilator  
  17  0:53  Probe (Chrono Boost)  
  18  1:05  Probe  
  19  1:17  Probe  
  20  1:26  Nexus  
  20  1:36  Cybernetics Core  
  20  1:38  Probe  
  21  1:45  Assimilator  
  21  1:50  Probe  
  22  1:54  Pylon  
  22  2:02  Probe  
  23  2:11  Adept (Chrono Boost)  
  23  2:15  Probe  
  26  2:19  Stargate  
  26  2:27  Probe (Chrono Boost), Warp Gate  
  27  2:30  Adept  
  29  2:38  Probe (Chrono Boost)  
  29  2:39  Probe (Chrono Boost)  
  31  2:45  Pylon  
  31  2:47  Probe (Chrono Boost)  
  31  2:48  Probe (Chrono Boost)  
  33  2:52  Probe (Chrono Boost)  
  34  2:59  Adept, Probe  
  34  3:03  Oracle (Chrono Boost)  
  37  3:09  Probe  
  37  3:11  Probe  
  42  3:21  Probe  
  42  3:24  Probe, Pylon  
  44  3:30  Pylon  
  44  3:32  Gateway  
  44  3:33  Probe  
  45  3:38  Probe  
  45  3:40  Oracle (Chrono Boost)  
  49  3:52  Shield Battery  
  49  3:53  Pylon  
  49  3:54  Adept  
  51  4:02  Shield Battery  
  51  4:07  Probe  
  51  4:08  Pylon  
  52  4:10  Phoenix  
  52  4:14  Probe  
  55  4:19  Probe  
  55  4:20  Assimilator  
  55  4:21  Assimilator  
  56  4:29  Twilight Council  
  56  4:31  Probe, Robotics Facility  
  56  4:33  Probe  
  58  4:47  Probe  
  58  4:50  Gateway  
  58  4:52  Gateway  
  59  4:57  Probe  
  59  4:59  Probe  
  61  5:07  Pylon, Charge (Chrono Boost)  
  61  5:16  Warp Prism (Chrono Boost)  
  63  5:25  Templar Archives  
  63  5:26  Gateway  
  63  5:29  Gateway x2  
  63  5:32  Gateway  
  63  5:35  Pylon  
  63  5:38  Pylon  
  63  5:48  Zealot x3  
  63  5:49  Zealot  
  71  6:07  Nexus  
  71  6:11  High Templar x4  
  73  6:15  Archon x2  
  73  6:18  Pylon  
  79  6:35  High Templar x2  
  79  6:36  Zealot x2  
  79  6:39  Archon  
  87  6:41  Pylon  
  87  6:43  Zealot x4  
  87  6:45  Probe x2  
Tags
 
Add a new tag
Caveats
  • Supply blocks, unpowered buildings, or Contaminate may cause inaccurate times.
  • Supply counts are checked every 10 seconds.